 Dungeon Crawl Stone Soup version 0.27.1-3-gb3d3a73c9e (webtiles) character file.

Game seed: 16481922030051603911

16 Turgor the Chiller (level 2, -3/19 HPs)
             Began as a Merfolk Ice Elementalist on Oct 7, 2021.
             Was a Follower of Makhleb.
             Killed from afar by a dart slug (6 damage)
             ... with a slug dart
             ... on level 1 of the Dungeon.
             The game lasted 00:04:00 (519 turns).

Turgor the Chiller (Merfolk Ice Elementalist)        Turns: 519, Time: 00:04:02

Health: -3/19      AC:  2    Str:  8    XL:     2   Next: 54%
Magic:  0/5        EV: 12    Int: 14    God:    Makhleb [*.....]
Gold:   10         SH:  0    Dex: 14    Spells: 5/6 levels left

rFire    . . .     SeeInvis .   e - +0 club
rCold    . . .     Faith    .   (no shield)
rNeg     . . .     Spirit   .   a - +0 robe
rPois    .         Reflect  .   (no helmet)
rElec    .         Harm     .   (no cloak)
rCorr    .         Rampage  .   (no gloves)
Will     .....                  (no boots)
Stlth    ++........             (no amulet)
HPRegen  0.06/turn              (no ring)
MPRegen  0.09/turn              (no ring)

@: no status effects
A: (nimble swimmer 2), mertail
a: Renounce Religion


You were on level 1 of the Dungeon.
You worshipped Makhleb.
Makhleb was aware of your devotion.
You visited 1 branch of the dungeon, and saw 2 of its levels.

You collected 10 gold pieces.

Inventory:

Hand Weapons
 e - a +0 club (weapon)
Missiles
 b - 6 poisoned darts
Armour
 a - a +0 robe (worn)
Scrolls
 d - a scroll of brand weapon {unknown}
Potions
 c - a potion of invisibility {unknown}


   Skills:
 - Level 2.6 Dodging
 - Level 2.1 Stealth
 + Level 2.5 Spellcasting
 + Level 4.7 Ice Magic


You had 5 spell levels left.
You knew the following spells:

 Your Spells              Type           Power      Damage    Failure   Level
a - Freeze                Ice            60%        1d8       3%          1

Your spell library contained the following spells:

 Spells                   Type           Power      Damage    Failure   Level
 Frozen Ramparts          Ice            30%        1d5       10%         3
 Ozocubu's Armour         Ice            15%        N/A       10%         3
 Hailstorm                Conj/Ice       8%         3d4       63%         4


Dungeon Overview and Level Annotations

Branches:
Dungeon (2/15)

Altars:
Makhleb


Innate Abilities, Weirdness & Mutations

((You are quick and stealthy near water. (Stealth+, EV+, Speed+++)))
Your lower body shifts to a powerful aquatic tail in water.


Message History

The goblin is heavily wounded.
The goblin barely misses you.
Casting: Freeze (safe; 3% risk of failure)
Confirm with . or Enter, or press ? or * to list all spells.
Aiming: Freeze (safe; 3% risk of failure)
Press: ? - help, Shift-Dir - straight line, f/p - goblin
Aim: a goblin, wielding a +0 dagger (heavily wounded)
You freeze the goblin!
You kill the goblin!
Makhleb accepts your kill.
You feel better.
Casting: Freeze (safe; 3% risk of failure)
Confirm with . or Enter, or press ? or * to list all spells.
You don't have enough magic to cast this spell.
The ball python closely misses you. The ball python grabs you.
The ball python constricts you. The ball python misses you.
The ball python constricts you.
* * * LOW HITPOINT WARNING * * *
Unknown command.
You hit the ball python.
You kill the ball python!
Makhleb accepts your kill.
Your magical contamination has completely faded away.
You hit the dart slug.
The dart slug is moderately wounded.
The dart slug bites you.
* * * LOW HITPOINT WARNING * * *
You hit the dart slug but do no damage.
The dart slug is lightly wounded.
The dart slug closely misses you.
Casting: Freeze (safe; 3% risk of failure)
Confirm with . or Enter, or press ? or * to list all spells.
Aiming: Freeze (safe; 3% risk of failure)
Press: ? - help, Shift-Dir - straight line, f - dart slug
Aim: a dart slug (lightly wounded)
You freeze the dart slug!
The dart slug is almost dead.
The dart slug launches a dart at you. The slug dart hits you.
You die...

.#..# #........# ....#
#.......>. .# ....#
#.......## . ...
....###.......#.. ## ..#
...†..........#.# ?##..#.
..............#.# .......
#...............##....###
#................#).....#
#....†..........@wg(....!
#................#......#
................##....###
....#...####....# ..?....
..##..... #....# [##..##
.# #...... #.....### .##
# ........###...... # ...
##)....# #######


You could see a dart slug and a goblin.

Vanquished Creatures
  A dart slug (D:2)
  3 goblins (D:1)
  A hobgoblin (D:1)
  3 jackals (D:1)
  2 ball pythons (D:1)
  A bat (D:1)
  A frilled lizard (D:1)
  A rat (D:1)
13 creatures vanquished.

Notes
Turn   | Place    | Note
-------+----------+-------------------------------------------
     0 | D:1      | Turgor the Merfolk Ice Elementalist began the quest for the
                  | Orb.
     0 | D:1      | Reached XP level 1. HP: 13/13 MP: 3/3
    14 | D:1      | You fall into a shaft and drop 1 floor!
   244 | D:1      | Found a faded altar of an unknown god.
   256 | D:1      | Became a worshipper of Makhleb the Destroyer
   256 | D:1      | Reached * piety under Makhleb
   391 | D:1      | Reached XP level 2. HP: 19/19 MP: 3/5
   519 | D:1      | Killed from afar by a dart slug

Illustrated notes

Levels and vault maps discovered:
D:1:      psy_arrival_terrarium, layout_basic, serial_shops,
          nicolae_diamond_shop, ebering_ecumenical_altar_rust,
          minmay_misc_feat_secret_circle, hangedman_abyss_or_decor_lesser_grid,
          minmay_three_crescents
D:2:      layout_loops_ring, st_stairs_3, grunt_ministairs_14,
          minmay_crystal_room, minmay_fountain_box, hangedman_decor_growths

Action                   || total
-------------------------++-------
Melee: Unarmed           ||    18
       Club              ||     7
 Cast: Freeze            ||    18
Armor: Robe              ||     7
Dodge: Dodged            ||    38
